 Dungeon Crawl Stone Soup version 0.19-a0-811-gf4045fb (console) character file.

25214 brucemayne the Severer (level 12, -6/89 HPs)
             Began as a Vampire Berserker on June 28, 2016.
             Was an Elder of Trog.
             Killed from afar by a hell hound (11 damage)
             ... with a blast of flame
             ... on level 6 of the Lair of Beasts.
             The game lasted 00:33:59 (6398 turns).

brucemayne the Severer (Vampire Berserker)          Turns: 6398, Time: 00:33:59

Health: -6/89      AC: 15    Str: 23    XL:     12   Next: 87%
Magic:  0/12       EV:  9    Int: 11    God:    Trog [****..]
Gold:   655        SH:  0    Dex: 13    Spells: 0 memorised, 11 levels left

rFire  . . .     SeeInvis +     t - +8 hand axe {drain, +Blink MR+}
rCold  + + .     Gourm    .     E - +0 plate armour
rNeg   + + .     Faith    .     (no shield)
rPois  +         Spirit   +     F - +0 helmet
rElec  .         Dismiss  .     (no cloak)
rCorr  .         Reflect  .     (no gloves)
SustAt .         Harm     .     A - +1 pair of boots
MR     ++++.                    z - amulet of guardian spirit
Stlth  ..........               q - ring of protection from cold
                                i - +3 ring of strength

@: exhausted, regenerating, slowed, studying Bows, very slow, incredibly
resistant to hostile enchantments, extremely unstealthy
A: fangs 3, see invisible, unbreathing
a: Bat Form, Berserk, Trog's Hand, Brothers in Arms, Burn Spellbooks, Renounce
Religion, Evoke Blink


You were on level 6 of the Lair of Beasts.
You worshipped Trog.
Trog was greatly pleased with you.
You were thirsty.

You visited 4 branches of the dungeon, and saw 20 of its levels.
You also visited: Ice Cave.

You collected 700 gold pieces.
You spent 45 gold pieces at shops.

Inventory:

Hand Weapons
 f - a +1 war axe
 t - the +8 hand axe of Kismet (weapon) {drain, +Blink MR+}
   (You found it on level 7 of the Dungeon)

   A truly terrible weapon, it drains the life of those it strikes.
   It affects your resistance to hostile enchantments.
   It lets you blink.
 I - a +1 battleaxe
Missiles
 o - 7 tomahawks (quivered)
 J - 22 poisoned needles
 M - 4 needles of paralysis
Armour
 w - a +0 chain mail
 y - the +0 leather armour "Ittodi" {Str+4 Int+3 Dex+3}
   (You found it on level 8 of the Dungeon)

   It affects your strength (+4).
   It affects your intelligence (+3).
   It affects your dexterity (+3).
 A - a +1 pair of boots (worn)
 E - a +0 plate armour (worn)
 F - a +0 helmet (worn)
 H - a +1 scale mail of fire resistance
Magical Staves
 B - an uncursed staff of wizardry {unknown}
Jewellery
 i - a +3 ring of strength (left hand)
 j - an uncursed ring of sustain attributes
 q - a ring of protection from cold (right hand)
 z - an amulet of guardian spirit (around neck)
 O - an uncursed amulet of magic regeneration
Wands
 a - a wand of iceblast (3/15)
 C - a wand of disintegration (19/24)
 D - a wand of hasting (2/9)
Scrolls
 g - 2 scrolls of enchant weapon
 m - 2 scrolls of remove curse
 u - 2 scrolls of fog
Potions
 b - 2 potions of curing
 c - 23 potions of blood
 d - a potion of cure mutation
 e - a potion of cancellation {unknown}
 h - a potion of heal wounds {unknown}
 l - 4 potions of flight
 n - 2 potions of lignification
 r - a potion of might
 s - a potion of invisibility
 x - a potion of degeneration {unknown}
Books
 k - a book of Debilitation

   Spells                             Type                      Level
   a - Corona                         Hexes                        1
   b - Slow                           Hexes                        2
   c - Gell's Gravitas                Hexes/Translocation          3
   d - Inner Flame                    Hexes/Fire                   3
   e - Cause Fear                     Hexes                        4
   f - Leda's Liquefaction            Hexes/Earth                  4
   Trog disapproves of the use of such an item.
 p - a manual of Bows
 v - a book of the Earth

   Spells                             Type                      Level
   a - Leda's Liquefaction            Hexes/Earth                  4
   b - Bolt of Magma                  Conjuration/Fire/Earth       5
   c - Statue Form                    Transmutation/Earth          6
   d - Iron Shot                      Conjuration/Earth            6
   e - Shatter                        Earth                        9
   Trog disapproves of the use of such an item.


   Skills:
 - Level 6.5 Fighting
 + Level 17.4 Axes
 - Level 3.8 Armour
 - Level 5.0 Dodging


You had 11 spell levels left.
You didn't know any spells.

Dungeon Overview and Level Annotations

Branches:
Dungeon (12/15)            Temple (1/1) D:7            Lair (6/6) D:11
  Swamp (0/4) Lair:2          Orc (1/2) D:9
  Snake: Lair:2-4    Spider: Lair:2-4     Slime: Lair:5-6

Altars:
Ashenzari
Cheibriados
Dithmenos
Elyvilon
Fedhas
Gozag
Hepliaklqana
Kikubaaqudgha
Makhleb
Nemelex Xobeh
Okawaru
Pakellas
Qazlal
Ru
Sif Muna
Trog
Uskayaw
Vehumet
Xom
Yredelemnul
Zin
The Shining One

Shops:
D:7 (   D:9 ?

Annotations:
Lair:5 exclusion: downstairs
Orc:1 Amnesiac's ghost, journeyman DEWz


Innate Abilities, Weirdness & Mutations

You heal slowly.
You have razor-sharp teeth.
You have supernaturally acute eyesight. (SInv)
You can survive without breathing.


Message History

Trog accepts your kill. The warg bites you.
* * * LOW HITPOINT WARNING * * *
Something bites the plant but does no damage.
Okay, then.
Your two-headed ogre goes berserk!
You are feeling thirsty.
Your deep troll disappears in a puff of smoke!
Something bites the plant but does no damage.
The warg bites you but does no damage.
The raiju bursts into living lightning!
The living lightning misses you. The living lightning hits you!
* * * LOW HITPOINT WARNING * * *
The raiju blinks! x2; Something bites the plant.
The warg bites you.
* * * LOW HITPOINT WARNING * * *
The raiju bites you but does no damage. The warg barely misses you.
The hell hound breathes flames at you. The blast of flame hits you!
You die... ..## .....# ....# h..# # hh#

##.#h## ##P#h#h# . ##
##..hh†# ..#.##
#..h.@O## ......##
##......# ......##
##.....# #....#
#.....#.#
#..#####†..†#/##
######..##†...##..##
.#...#††.†#...†##..#
#......†.#........##
.......#.#....###...#


You could see a raiju, 2 wargs, 2 hell hounds, 2 wolves, a hound and a friendly
two-headed ogre (berserk).

Vanquished Creatures
  The ghost of Xiguana the Grappler, a novice VSMo of Cheibriados (Lair:1)
  3 hill giants
  A griffon (Lair:5)
  A cyclops (Orc:1)
  6 elephants (Lair:5)
  5 black mambas
  A centaur skeleton (D:11)
  A torpor snail (Lair:6)
  5 spiny frogs
  2 komodo dragons
  2 polar bears
  4 blink frogs (Lair:1)
  2 basilisks
  20 yaks
  A human (D:9)
  5 wyverns
  A hungry ghost (D:8)
  5 hippogriffs
  2 wargs
  3 orc warriors
  8 water moccasins
  5 porcupines
  2 sky beasts (D:8)
  6 black bears
  2 phantoms
  3 wasps
  An ice beast (D:7)
  4 ogres
  10 wolves
  A centaur (D:9)
  4 crocodiles
  5 giant frogs
  A big kobold (D:11)
  Dowan (D:5)
  8 killer bees (D:10)
  5 wights (D:11)
  6 howler monkeys
  2 centaur zombies
  3 crimson imps
  9 hounds
  2 jellies (D:11)
  5 orc priests
  4 giant frog skeletons
  8 orc wizards
  2 iguanas
  6 worker ants
  14 sheep
  15 adders
  27 river rats
  2 shadow imps
  An ooze (D:2)
  An adder zombie (D:9)
  2 adder skeletons
  A worm (D:3)
  4 giant geckos
  28 orcs
  3 giant cockroaches
  2 goblins
  3 hobgoblins (D:2)
  13 jackals
  4 kobolds
  2 quokkas
  16 bats
  A giant newt (D:6)
  A quokka skeleton (D:8)
  16 rats
  3 fungi (D:11)
  A plant (D:11)
344 creatures vanquished.

Vanquished Creatures (collateral kills)
  A death yak (Lair:6)
  A wolf spider (Lair:6)
  2 elephants (Lair:6)
  A black mamba (Lair:6)
  A komodo dragon (Lair:1)
  7 polar bears (Lair:6)
  A raiju (Lair:6)
  A blink frog (Lair:6)
  A yak (Lair:6)
  3 hell hounds (Lair:6)
  A porcupine (Lair:1)
  7 black bears (Lair:6)
  A wolf (Lair:6)
  A plant (Lair:6)
29 creatures vanquished.

Vanquished Creatures (others)
  14 fungi (Lair:6)
  29 plants
  4 toadstools (D:1)
47 creatures vanquished.

Grand Total: 420 creatures vanquished

Notes
Turn   | Place    | Note
--------------------------------------------------------------
     0 | D:1      | brucemayne the Vampire Berserker began the quest for the Orb.
     0 | D:1      | Reached XP level 1. HP: 17/17 MP: 1/1
    47 | D:2      | Found an iron altar of Okawaru.
    50 | D:2      | Reached skill level 3 in Axes
   132 | D:2      | Reached XP level 2. HP: 9/23 MP: 2/2
   254 | D:2      | Found an ancient bone altar of Kikubaaqudgha.
   326 | D:2      | Reached ** piety under Trog
   326 | D:2      | Reached XP level 3. HP: 28/28 MP: 3/3
   327 | D:2      | Reached skill level 4 in Axes
   690 | D:3      | Reached XP level 4. HP: 21/34 MP: 2/4
   771 | D:3      | Found an oddly glowing altar of Pakellas.
   831 | D:4      | Reached skill level 5 in Axes
   844 | D:4      | Reached XP level 5. HP: 32/39 MP: 5/5
   931 | D:4      | Found a stormy altar of Qazlal.
   945 | D:4      | Reached skill level 6 in Axes
   972 | D:4      | Reached XP level 6. HP: 30/46 MP: 6/6
  1350 | D:5      | Entered Level 5 of the Dungeon
  1387 | D:5      | Noticed Dowan
  1437 | D:5      | Killed Dowan
  1437 | D:5      | Reached skill level 7 in Axes
  1501 | D:6      | Reached XP level 7. HP: 41/51 MP: 7/7
  1612 | D:7      | Found a staircase to the Ecumenical Temple.
  1623 | D:7      | Reached *** piety under Trog
  1628 | D:7      | Got a translucent hand axe
  1636 | Temple   | Entered the Ecumenical Temple
  1637 | Temple   | Identified the +8 hand axe of Kismet {drain, +Blink MR+} (You found it on level 7 of the Dungeon)
  1666 | D:7      | Reached skill level 8 in Axes
  1730 | D:7      | Found Azemanod's Weapon Emporium.
  1787 | D:8      | Noticed a hungry ghost
  1800 | D:8      | Reached XP level 8. HP: 54/58 MP: 8/8
  1813 | D:8      | Reached skill level 9 in Axes
  1892 | D:8      | Got a distressingly furry leather armour
  1913 | D:8      | Identified the +0 leather armour "Ittodi" {Str+4 Int+3 Dex+3} (You found it on level 8 of the Dungeon)
  2178 | D:8      | Found a shimmering altar of Xom.
  2179 | D:8      | Found an oddly glowing altar of Pakellas.
  2181 | D:8      | Found a hide-covered altar of Uskayaw.
  2182 | D:8      | Found a deep blue altar of Sif Muna.
  2183 | D:8      | Found a shadowy altar of Dithmenos.
  2184 | D:8      | Found a white marble altar of Elyvilon.
  2247 | D:8      | Reached skill level 5 in Fighting
  2289 | D:9      | Reached XP level 9. HP: 68/68 MP: 9/9
  2319 | D:8      | Found a shattered altar of Ashenzari.
  2364 | D:7      | Reached **** piety under Trog
  2471 | D:9      | Found a staircase to the Orcish Mines.
  2522 | D:9      | Reached skill level 5 in Dodging
  2555 | Orc:1    | Entered Level 1 of the Orcish Mines
  2555 | Orc:1    | Noticed a cyclops
  2562 | Orc:1    | Killed a cyclops
  2562 | Orc:1    | Reached skill level 10 in Axes
  2580 | Orc:1    | Noticed Amnesiac's ghost (journeyman DEWz)
  2823 | D:9      | Found Jaupt's Magic Scroll Boutique.
  2834 | D:9      | Bought a scroll of teleportation for 45 gold pieces
  2954 | D:10     | Entered Level 10 of the Dungeon
  3017 | D:11     | Noticed a hill giant
  3029 | D:11     | Killed a hill giant
  3029 | D:11     | Reached skill level 11 in Axes
  3032 | D:11     | Reached XP level 10. HP: 74/74 MP: 10/10
  3258 | D:10     | Reached skill level 12 in Axes
  3365 | D:10     | Noticed a hill giant
  3381 | D:10     | Killed a hill giant
  3585 | D:11     | Reached skill level 13 in Axes
  3604 | D:11     | Reached ***** piety under Trog
  3627 | D:11     | Noticed a hill giant
  3649 | D:11     | Killed a hill giant
  3702 | D:11     | Received a gift from Trog
  3820 | D:11     | Found a staircase to the Lair.
  3834 | Lair:1   | Entered Level 1 of the Lair of Beasts
  3882 | Lair:1   | Reached XP level 11. HP: 33/79 MP: 11/11
  3977 | Lair:1   | Found a frozen archway.
  4003 | Lair:1   | Reached skill level 14 in Axes
  4010 | IceCv    | Entered an ice cave
  4018 | Lair:1   | Noticed Xiguana's ghost (novice VSMo)
  4038 | Lair:1   | Killed Xiguana's ghost
  4233 | Lair:2   | Found a staircase to the Swamp.
  4557 | Lair:3   | Reached skill level 15 in Axes
  4771 | Lair:5   | Noticed a griffon
  4780 | Lair:5   | Killed a griffon
  4837 | Lair:6   | Entered Level 6 of the Lair of Beasts
  4917 | Lair:5   | Reached XP level 12. HP: 68/86 MP: 12/12
  5070 | Lair:5   | Reached skill level 16 in Axes
  5687 | Lair:6   | Noticed a death yak
  5689 | Lair:6   | Noticed a death yak
  5969 | Lair:6   | Noticed a death yak
  5995 | Lair:6   | Received a gift from Trog
  5999 | Lair:6   | Killed a death yak
  6019 | Lair:6   | Noticed a death yak
  6019 | Lair:6   | Noticed a six-headed hydra
  6020 | Lair:6   | Noticed a death yak
  6028 | Lair:6   | Noticed a death yak
  6253 | Lair:6   | Reached skill level 17 in Axes
  6397 | Lair:6   | HP: 3/89 [warg (4)]
  6398 | Lair:6   | Killed from afar by a hell hound

Vault maps used:
D:1:      ldierk_walled_garden_2
D:2:      okawaru_gym_becter, kiku_gazebo_pond_becter, uniq_terence
D:3:      grunt_pakellas_basics
D:4:      grunt_qazlal_sundering, first_bread, gup_sewer_entry_spiral
D:5:      serial_shops, kennysheep_little_box, st_stairs_13, uniq_duvessa
D:6:      basic_altar
D:7:      serial_shops, shop_fountains
D:8:      ashenzari_altar_1, grunt_temple_overflow_open
D:9:      erik_orc_4, serial_shops, nicolae_shop_window_shopping,
          david_nohive_1, uniq_grum, uniq_erica
D:11:     kennysheep_seaside_town, grunt_lair_entry_orc_guard_hut,
          mrwooster_statue_mirror, patterned_corridor
D:12:     uniq_harold
Temple:   nicolae_temple_no_exploring_needed
Lair:1:   portal_ice_cave_entry_pillars_1, bh_autumn_forest_stairs,
          grunt_megastairs_5, lemuel_fruit_tree
Lair:2:   swamp_mist_pool, nicolae_quartered_pool_super, st_stairs_12
Lair:3:   minmay_snake_entry_guardpost_large, beast_lair_carwin_6
Lair:5:   grunt_megastairs_3
Lair:6:   hangedman_lair_caniforms_friends, hangedman_lair_tendril_chambers,
          dpeg_slime_entry_enclosed_altar, infiniplex_staircase_pool_2
Orc:1:    serial_shops, nicolae_shop_stone
IceCv:    ice_cave_small_necro

Skill      XL: |  1  2  3  4  5  6  7  8  9 10 11 12 |
---------------+-------------------------------------+-----
Axes           | 3 4 5 6 7 8 9 11 13 15 17 | 17.4
Fighting       | 3 5 6 |  6.5
Armour         | 2 3 |  3.8
Dodging        | 3 5 |  5.0

Action                   |  1- 3 |  4- 6 |  7- 9 | 10-12 || total
-------------------------+-------+-------+-------+-------++-------
Melee: Hand axe          |    93 |     1 |   197 |   638 ||   929
       Bite              |     9 |    10 |    28 |    78 ||   125
       War axe           |       |    92 |    17 |       ||   109
Invok: Berserk           |     4 |     2 |     5 |    15 ||    26
       Trog's Hand       |       |     3 |     2 |    13 ||    18
       Brothers in Arms  |       |       |       |     7 ||     7
 Abil: End Transformatio |     1 |       |     1 |     3 ||     5
       Bat Form          |     1 |       |     1 |     3 ||     5
  Use: Potion            |     6 |     7 |    10 |    33 ||    56
       Scroll            |       |       |     6 |    16 ||    22
 Stab: Sleeping          |     1 |       |       |       ||     1
       Distracted        |       |       |       |     2 ||     2
Armor: Animal skin       |    12 |       |       |       ||    12
       Scale mail        |    27 |    52 |    44 |       ||   123
       Plate armour      |       |       |    29 |   283 ||   312
Dodge: Dodged            |    79 |    60 |    86 |   223 ||   448
